cohdb
Replays
Latest Replays
All Replays
Popular Replays
Top Player Replays
Match Explorer
How It Works
Community
CoH3 Stats
Reddit
Sign in to upload your games and track your stats! →
Sign in with Steam
Match 41529169
Unlisted
Match 41529169
Overview
Messages
Build Orders
End
Selects Air and Sea Battlegroup
Royal Engineer Section
Construct Section Command Post
Infantry Section
Vickers Machine Gun Team
Construct Field Infirmary
Dingo Light Scout Car
Infantry Section
Construct Platoon Command Post
Selects Commando Section Paradrop
Selects M1 Pack Howitzer Paradrop
M1 Pack Howitzer Paradrop
Selects Supply Surplus
6-pounder Anti-tank Gun Team
Selects UNKNOWN (223837)
Construct Company Command Post
Unlock M3 Grant Medium Tanks
Vickers Machine Gun Team
Infantry Training
Crusader II Medium Tank
Vickers Machine Gun Team
Vickers Machine Gun Team
Royal Engineer Section
Selects Assault Flares
Selects Incendiary Bombing Run
Commando Section Paradrop
mp5
Dawes
Handi
zabzazab
Dremer3000
Patrol FORCE
Агент Габена
KAKAYPro100
0
0
Comments
sign in to comment!
No comments posted yet!